 Dungeon Crawl Stone Soup version 0.28.0-45-g0d030f2227 (webtiles) character file.

Game seed: 11399032714117510140

9219 Icepheonix32 the Blocker (level 11, -9/80 HPs)
             Began as a Demonspawn Fighter on Apr 10, 2022.
             Was a Believer of Makhleb.
             Killed by vampiric draining
             ... invoked by a vampire
              (18 damage)
             ... on level 10 of the Dungeon.
             The game lasted 00:20:51 (9581 turns).

Icepheonix32 the Blocker (Demonspawn Fighter)       Turns: 9581, Time: 00:20:52

Health: -9/80      AC: 20    Str: 24    XL:     11   Next: 20%
Magic:  19/19      EV: 14    Int: 15    God:    Makhleb [**....]
Gold:   81         SH: 14    Dex: 18    Spells: 7/21 levels left

rFire   . . .      SeeInvis .   K - +10 trident of the Pariah {drain, *Corrode rC+ Str+2 Stlth+}
rCold   + . .      Faith    .   e - +2 buckler
rNeg    . . .      Spirit   .   v - +4 robe of Augmentation {Str+4 Int+4 Dex+4}
rPois   .          Reflect  +   N - +0 helmet
rElec   .          Harm     .   M - +0 cloak
rCorr   .          Rampage  .   D - +0 pair of gloves
Will    .....                   (no boots)
Stlth   ++++......              j - amulet of reflection
HPRegen 0.23/turn               s - +4 ring of protection
MPRegen 0.16/turn               (no ring)

@: mighty, sanguine armoured, studying Fighting
A: hooves 2, powered by death 1, sanguine armour 1, demonic magic 1
a: Renounce Religion, Minor Destruction


You were on level 10 of the Dungeon.
You worshipped Makhleb.
Makhleb was pleased with you.
You visited 2 branches of the dungeon, and saw 12 of its levels.
You also visited: Ossuary and Bailey.

You collected 1561 gold pieces.
You spent 1480 gold pieces at shops.

Inventory:

Hand Weapons
 a - a +0 long sword
 h - a +1 dagger of draining
 y - a +1 dagger of electrocution
 K - the +10 trident of the Pariah (weapon) {drain, *Corrode rC+ Str+2 Stlth+}
   (You found it on level 6 of the Dungeon)

   A truly terrible weapon, it drains the life of any living foe it strikes.
   Str:       It affects your strength (+2).
   rC:        It protects you from cold.
   *Corrode:  It may corrode you when you take damage.
   Stlth:     It makes you more stealthy.
Missiles
 w - 39 poisoned darts
 C - 11 curare-tipped darts
 F - 22 boomerangs
 O - 4 atropa-tipped darts
Armour
 b - a +0 scale mail
 e - a +2 buckler (worn)
 v - the +4 robe of Augmentation (worn) {Str+4 Int+4 Dex+4}
   (You found it on level 5 of the Dungeon)

   Str:       It affects your strength (+4).
   Int:       It affects your intelligence (+4).
   Dex:       It affects your dexterity (+4).
 D - a +0 pair of gloves (worn)
 M - a +0 cloak (worn)
 N - a +0 helmet (worn)
 Q - +0 acid dragon scales
 S - an orb of wrath
Jewellery
 c - a ring of protection from fire
 j - an amulet of reflection (around neck)
 q - an amulet of the acrobat
 s - a +4 ring of protection (left hand)
 E - an amulet of magic regeneration
Wands
 d - a wand of flame (53)
 n - a wand of paralysis (17)
 P - a wand of iceblast (7)
 T - a wand of polymorph (6)
Scrolls
 f - 2 scrolls of teleportation
 i - a scroll of amnesia
 k - 4 scrolls of noise
 l - 2 scrolls of immolation
 o - 2 scrolls of blinking {unknown}
 p - a scroll of enchant weapon
 r - 2 scrolls of fog
 t - a scroll of torment
 B - a scroll of fear {unknown}
 J - a scroll of brand weapon
 R - a scroll of summoning {unknown}
Potions
 g - a potion of resistance {unknown}
 m - 2 potions of heal wounds
 u - a potion of brilliance
 x - a potion of mutation
 z - 2 potions of lignification {unknown}
 A - 3 potions of curing
 G - a potion of might
 H - a potion of invisibility {unknown}
 I - a potion of degeneration {unknown}
 L - a potion of ambrosia


   Skills:
 + Level 5.3 Fighting
 - Level 5.0(5.4) Short Blades
 - Level 2.8(4.3) Long Blades
 + Level 4.5 Polearms
 - Level 4.6 Armour
 + Level 4.2 Dodging
 + Level 3.3 Stealth
 * Level 8.5 Shields
 * Level 5.8 Spellcasting
 + Level 5.7 Hexes
 * Level 4.8 Invocations


You had 7 spell levels left.
You knew the following spells:

 Your Spells              Type           Power      Damage    Failure   Level
a - Confusing Touch       Hex            21%        N/A       5%          3
b - Slow                  Hex            84%        N/A       1%          1
c - Mephitic Cloud        Conj/Pois/Air  4%         N/A       50%         3
d - Portal Projectile     Hex/Tloc       26%        N/A       17%         3
e - Leda's Liquefaction   Hex/Erth       6%         N/A       50%         4

Your spell library contained the following spells:

 Spells                   Type           Power      Damage    Failure   Level
 Animate Skeleton         Necr           8%         N/A       19%         1
 Pain                     Necr           16%        1d4       19%         1
 Sting                    Tmut/Pois      16%        1d3       19%         1
 Blink                    Tloc           8%         N/A       28%         2
 Poisonous Vapours        Pois/Air       8%         N/A       28%         2
 Call Canine Familiar     Summ           4%         N/A       50%         3
 Gell's Gravitas          Tloc           4%         N/A       50%         3
 Ignite Poison            Fire/Tmut/Pois 4%         N/A       50%         3
 Lesser Beckoning         Tloc           4%         N/A       50%         3
 Teleport Other           Tloc           4%         N/A       50%         3
 Vampiric Draining        Necr           4%         2d6       50%         3
 Olgreb's Toxic Radiance  Pois           4%         N/A       88%         4
 Summon Lightning Spire   Summ/Air       4%         N/A       88%         4
 Blade Hands              Tmut           2%         N/A       99%         5
 Freezing Cloud           Conj/Ice/Air   2%         6-21      99%         5
 Irradiate                Conj/Tmut      2%         3d14      99%         5
 Manifold Assault         Tloc           4%         N/A       99%         5
 Dragon Form              Tmut           2%         N/A       100%        7
 Storm Form               Tmut/Air       2%         N/A       100%        7
 Maxwell's Capacitive Co  Air            2%         ∞         100%        8


Dungeon Overview and Level Annotations

Branches:
Dungeon (11/15)            Temple (1/1) D:7            Lair (0/6) D:8
Ossuary (visited)          Bailey (visited)
    Orc: D:9-12

Altars:
Ashenzari
Cheibriados
Dithmenos
Elyvilon
Fedhas
Gozag
Hepliaklqana
Kikubaaqudgha
Makhleb
Nemelex Xobeh
Okawaru
Qazlal
Ru
Sif Muna
Trog
Uskayaw
Vehumet
Wu Jian
Xom
Yredelemnul
Zin
The Shining One

Shops:
D:4 :   D:8 (   D:10 :

Annotations:
D:10 3 runed translucent doors, GilGalad's ghost, journeyman DjFE; issech's ghost, journeyman TrMo


Innate Abilities, Weirdness & Mutations

You have hoof-like feet.
You regenerate a little health from kills.
When seriously injured, your blood forms armour. (AC +6)
Spells you cast may paralyse adjacent enemies.


Message History

The helpless vampire fails to defend itself.
You hit the vampire but do no damage.
The vampire points at you and mumbles some strange words.
You resist with some effort.
You reach to attack!
You closely miss the vampire.
A troll comes into view.
The vampire gestures at you while chanting.
You resist with some effort.
You reach to attack!
You completely miss the vampire.
The vampire casts a spell.
The vampire flickers and vanishes!
Deactivating autopickup; reactivate with Ctrl-A.
An orc wizard comes into view. It is wielding a +0 dagger.
Something hits you. Something bites you!
Something draws strength from your injuries!
Something hits you. Something bites you but does no damage.
There is a stone staircase leading up here.
The troll shouts!
You hear a shout!
Something hits you!
Your blood congeals into armour.
Something bites you!
Something draws strength from your injuries!
You climb upwards.
Level annotation: 3 runed translucent doors, GilGalad's ghost, journeyman DjFE; issech's ghost, journeyman TrMo Reactivating autopickup.
There is a stone staircase leading down here.
Deactivating autopickup; reactivate with Ctrl-A.
You hit something but do no damage. Something hits you but does no damage.
You block something's attack.
Unknown command.
You hit something. Your kick misses something.
Something hits you but does no damage. You block something's attack.
You feel very mighty all of a sudden. Something hits you! Something bites you!
Something draws strength from your injuries!
You miss something. You kick something! Something hits you!
* * * LOW HITPOINT WARNING * * *
Something bites you but does no damage.
You miss something. Something draws life force from you!
* * * LOW HITPOINT WARNING * * *
You impale something!! Something draws life force from you!!
You die...

#......................
#....................#.
###.###.......[.....##.
##......#....##......
#.....####..........
###+####.#......##..
#.#.#.........###.
#{#............#..
#@#...........##..
#.'.........[.>...
#.'.#...#.....#...
#∩###...#..<###...
#.##....#...#.....
#.#....###.....#..
#'#...## ##.......
#....## #..#.##. ######
###.###..


There were no monsters in sight!

Vanquished Creatures
  A two-headed ogre (D:10)
  A deep elf pyromancer (D:9)
  A cyclops (D:10)
  Joseph (D:7)
  2 kobold demonologists (D:5)
  A troll (D:10)
  A wraith (D:9)
  A shadow (D:10)
  Eustachio (D:4)
  6 yaks (D:10)
  Sigmund (D:3)
  Menkaure (D:6)
  2 acid dragons
  3 water moccasins
  3 black bears
  2 ice beasts
  A sky beast (D:5)
  A necrophage (D:6)
  An ogre (D:6)
  6 orc warriors
  A phantom (D:7)
  8 kobold brigands
  A wyvern zombie (D:5)
  4 bullfrogs
  A gnoll sergeant (D:8)
  4 scorpions
  6 water moccasin zombies
  A water moccasin skeleton (D:5)
  19 killer bees
  2 howler monkeys
  2 centaur zombies (D:6)
  A jelly (D:7)
  An orc priest (D:10)
  A centaur skeleton (D:6)
  3 hounds
  2 bullfrog skeletons
  Terence (D:2)
  Jessica (D:3)
  4 orc wizards
  A killer bee zombie (D:7)
  4 hound skeletons
  A hound zombie (D:5)
  3 mummies
  2 howler monkey zombies
  11 gnolls
  A howler monkey skeleton (D:6)
  5 adders
  A shadow imp (D:6)
  2 white imps
  6 adder zombies (Ossuary)
  An adder skeleton (D:4)
  A worm (D:2)
  3 dart slugs
  32 orcs
  2 endoplasms
  3 giant cockroaches (D:4)
  15 hobgoblins
  9 jackals
  24 kobolds
  2 quokkas
  9 ball pythons
  6 bats
  2 frilled lizards
  5 gnoll zombies (Ossuary)
  14 goblins
  12 hobgoblin zombies
  2 kobold zombies (Ossuary)
  3 orc zombies (Ossuary)
  2 rats
284 creatures vanquished.

Vanquished Creatures (others)
  2 kobolds (D:5)
2 creatures vanquished.

Grand Total: 286 creatures vanquished

Notes
Turn   | Place    | Note
-------+----------+-------------------------------------------
     0 | D:1      | Icepheonix32 the Demonspawn Fighter began the quest for the
                  | Orb.
     0 | D:1      | Reached XP level 1. HP: 18/18 MP: 1/1
     2 | D:1      | Noticed a merfolk
     2 | D:1      | Noticed a formicid
     4 | D:1      | Noticed a demigod
     4 | D:1      | Noticed a vampire
     6 | D:1      | Noticed a draconian
     8 | D:1      | Noticed an octopode
     8 | D:1      | Noticed a demonspawn
    10 | D:1      | Noticed a troll
    12 | D:1      | Noticed a dwarf
    12 | D:1      | Noticed an elf
    14 | D:1      | Noticed an ogre
    16 | D:1      | Noticed a ghoul
    16 | D:1      | Noticed a felid
    18 | D:1      | Noticed a minotaur
    20 | D:1      | Noticed a naga
    22 | D:1      | Noticed a human
    22 | D:1      | Noticed a spriggan
    24 | D:1      | Noticed a vine stalker
    24 | D:1      | Noticed a tengu
    26 | D:1      | Noticed a gargoyle
   150 | D:1      | Gained mutation: You have large cloven feet. [demonic
                  | ancestry]
   150 | D:1      | Reached XP level 2. HP: 21/24 MP: 2/2
   429 | D:1      | Found a faded altar of an unknown god.
   898 | D:2      | Reached skill level 3 in Shields
   988 | D:2      | Reached XP level 3. HP: 29/29 MP: 3/3
  1227 | D:2      | Noticed Terence
  1236 | D:2      | Killed Terence
  1589 | D:3      | Reached XP level 4. HP: 34/35 MP: 4/4
  1815 | D:3      | Noticed Sigmund
  1840 | D:3      | Killed Sigmund
  1841 | D:3      | Reached skill level 1 in Short Blades
  1841 | D:3      | Gained mutation: You regenerate a little health from kills.
                  | [demonic ancestry]
  1841 | D:3      | Reached XP level 5. HP: 18/41 MP: 5/5
  2126 | D:3      | Noticed Jessica
  2131 | D:3      | Killed Jessica
  2132 | D:3      | Reached skill level 1 in Dodging
  2132 | D:3      | Gained mutation: Spells you cast may paralyse adjacent
                  | enemies. [demonic ancestry]
  2132 | D:3      | Reached XP level 6. HP: 47/47 MP: 6/6
  2494 | D:4      | Reached skill level 1 in Stealth
  2694 | D:4      | Reached skill level 4 in Shields
  2694 | D:4      | Reached skill level 1 in Spellcasting
  2718 | D:4      | Found Nazora's Book Shop.
  2771 | D:4      | Noticed Eustachio
  2802 | D:4      | Killed Eustachio
  2803 | D:4      | Reached XP level 7. HP: 45/53 MP: 7/9
  3142 | D:5      | Entered Level 5 of the Dungeon
  3380 | D:5      | Reached skill level 5 in Shields
  3391 | D:5      | Learned a level 3 spell: Confusing Touch
  3417 | D:5      | Gained mutation: You have hoof-like feet. [demonic
                  | ancestry]
  3417 | D:5      | Reached XP level 8. HP: 60/60 MP: 11/11
  3644 | D:5      | Found the +4 robe of Augmentation {Str+4 Int+4 Dex+4}
  3652 | D:5      | Reached skill level 1 in Hexes
  3849 | D:5      | Noticed a kobold demonologist
  3851 | D:5      | Noticed a kobold demonologist
  3852 | D:5      | Noticed a smoke demon
  4102 | D:5      | Killed a kobold demonologist
  4103 | D:5      | Reached skill level 6 in Shields
  4111 | D:5      | Killed a kobold demonologist
  4112 | D:5      | Reached XP level 9. HP: 66/66 MP: 13/13
  4616 | D:6      | Found a sand-covered staircase.
  4626 | Ossuary  | Entered an ossuary
  5028 | D:6      | Found a broken altar of Ashenzari.
  5177 | D:6      | Reached skill level 5 in Short Blades
  5209 | D:6      | Identified the +10 trident of the Pariah {drain, *Corrode
                  | rC+ Str+2 Stlth+}
  5225 | D:6      | Reached skill level 7 in Shields
  5252 | D:6      | Noticed Menkaure
  5257 | D:6      | Killed Menkaure
  5298 | D:6      | Learned a level 1 spell: Slow
  5697 | D:7      | Reached skill level 1 in Polearms
  5996 | D:7      | Found a staircase to the Ecumenical Temple.
  6022 | Temple   | Entered the Ecumenical Temple
  6342 | Temple   | Became a worshipper of Makhleb the Destroyer
  6511 | D:7      | Noticed Joseph
  6528 | D:7      | Killed Joseph
  6529 | D:7      | Reached XP level 10. HP: 39/73 MP: 11/16
  7090 | D:8      | Reached skill level 1 in Invocations
  7178 | D:8      | Reached skill level 5 in Fighting
  7198 | D:8      | Found a staircase to the Lair.
  7218 | D:8      | Found Suefuith's Weapon Emporium.
  7423 | D:8      | Reached * piety under Makhleb
  7645 | D:9      | Found a flagged portal.
  7671 | Bailey   | Entered a bailey
  7695 | Bailey   | Reached skill level 5 in Spellcasting
  7812 | Bailey   | Reached skill level 8 in Shields
  7822 | Bailey   | Found a bloodstained altar of Trog.
  8050 | D:9      | Reached ** piety under Makhleb
  8063 | D:9      | Noticed a deep elf pyromancer
  8070 | D:9      | Killed a deep elf pyromancer
  8136 | D:9      | Reached skill level 5 in Hexes
  8456 | D:10     | Entered Level 10 of the Dungeon
  8461 | D:10     | Noticed a two-headed ogre
  8474 | D:10     | Killed a two-headed ogre
  8596 | D:10     | Gained mutation: When seriously injured, your blood forms
                  | armour. (AC +6) [demonic ancestry]
  8596 | D:10     | Reached XP level 11. HP: 55/80 MP: 9/19
  9034 | D:10     | Found a runed translucent gate.
  9034 | D:10     | Found a runed translucent gate.
  9034 | D:10     | Found a runed translucent gate.
  9036 | D:10     | Noticed issech's ghost (journeyman TrMo)
  9037 | D:10     | Noticed GilGalad's ghost (journeyman DjFE)
  9055 | D:10     | Found Qosyxec's Book Shop.
  9390 | D:4      | Bought a manual of Fighting for 800 gold pieces
  9390 | D:4      | Bought a book of the Hunter for 260 gold pieces
  9516 | D:10     | Bought a Trismegistus Codex for 420 gold pieces
  9520 | D:10     | Learned a level 3 spell: Mephitic Cloud
  9524 | D:10     | Learned a level 3 spell: Portal Projectile
  9529 | D:10     | Learned a level 4 spell: Leda's Liquefaction
  9581 | D:10     | Killed from afar by a vampire

Illustrated notes

Levels and vault maps discovered:
D:1:      kb_arrival_jail, layout_basic, shapermc_ecumenical_altar_mp_vishouse
D:2:      layout_rooms, uniq_terence
D:3:      layout_rooms, minmay_unequal, uniq_jessica, uniq_sigmund
D:4:      layout_basic, serial_shops, shop, minivault_1, uniq_eustachio
D:5:      layout_basic
D:6:      corexii_shantytown, layout_loops_ring, kennysheep_mini_moat,
          nicolae_ossuary_entry_giza, uniq_menkaure
D:7:      layout_basic, temple_fountains, uniq_joseph
D:8:      layout_rooms, lair_entry_dummy, serial_shops, nicolae_take_the_stairs
D:9:      layout_cave_pools, enter_bailey_5
D:10:     layout_cave_pools, gammafunk_ghost_cemetery, serial_shops,
          nicolae_shop_hallway_stairs
D:11:     minmay_angry_zag, layout_cave_pools, orc_0_dummy, special_room
          [special_room_orc], uniq_nergalle
Temple:   regret_index_temple_sigil_plot

Skill      XL: |  1  2  3  4  5  6  7  8  9 10 11 |
---------------+----------------------------------+-----
Long Blades    | 2 |  2.8
Armour         | 3 4 |  4.6
Shields        | 3 4 5 6 7 8 |  8.5
Short Blades   | 1 2 3 4 5 |  5.0
Dodging        | 1 2 3 4 |  4.2
Stealth        | 1 2 3 |  3.3
Spellcasting   | 1 2 3 4 5 |  5.8
Fighting       | 4 5 |  5.3
Hexes          | 2 4 5 |  5.7
Polearms       | 2 4 |  4.5
Invocations    | 4 |  4.8

Action                   |  1- 3 |  4- 6 |  7- 9 | 10-12 || total
-------------------------+-------+-------+-------+-------++-------
Melee: Long sword        |    36 |       |       |       ||    36
       Dagger            |    48 |   150 |   371 |       ||   569
       Kick              |    16 |    45 |   153 |    67 ||   281
       Trident           |       |       |    88 |   255 ||   343
Throw: Dart              |       |       |     1 |       ||     1
 Cast: Slow              |       |       |    10 |    27 ||    37
       Confusing Touch   |       |       |     2 |     9 ||    11
  Use: Potion            |     1 |     2 |     4 |     2 ||     9
       Scroll            |       |       |    10 |     4 ||    14
 Stab: Sleeping          |       |       |     8 |     4 ||    12
       Paralysed         |       |       |     2 |    16 ||    18
       Confused          |       |       |     1 |     3 ||     4
       Distracted        |       |       |       |     1 ||     1
Armor: Scale mail        |    35 |    49 |    19 |       ||   103
       Robe              |       |       |    86 |    62 ||   148
       Ring mail         |       |       |     7 |       ||     7
Dodge: Dodged            |    26 |    49 |   146 |   113 ||   334
Block: Buckler           |    22 |    82 |   253 |   168 ||   525
       Reflection        |       |     5 |     8 |    11 ||    24
